 Dungeon Crawl Stone Soup version 0.32-a0-17-gb74e046682 (webtiles) character file.

Game seed: 309953249761034198

28538 hikkokomori the Thaumaturge (level 13, -1/99 HPs)
             Began as a Gnoll Wanderer on Jan 15, 2024.
             Was an Initiate of Gozag.
             Slain by a death yak (13 damage)
             ... on level 2 of the Lair of Beasts.
             The game lasted 00:33:54 (15364 turns).

hikkokomori the Thaumaturge (Gnoll Wanderer)       Turns: 15364, Time: 00:33:54

Health: -1/99      AC: 13    Str: 14    XL:     13   Next: 39%
Magic:  0/28       EV: 15    Int: 25    God:    Gozag
Gold:   1136       SH:  0    Dex: 18    Spells: 12/34 levels left

rFire   . . .        K - +4 scimitar (flame)
rCold   . . .        (no shield)
rNeg    . . .        k - +4 ring mail of the Original Sin {Int+5}
rPois   +            (no helmet)
rElec   .            d - +0 cloak
rCorr   .            N - +0 pair of gloves of the Hall of Blades {rPois Regen+ Str+3 Int+3}
SInv    .            (no boots)
Will    .....        i - amulet of guardian spirit
Stlth   ++++         H - ring of wizardry
HPRegen 1.16/turn    a - +6 ring of dexterity
MPRegen 0.21/turn

%: guardian spirit, wizardry (x1)
@: hasted, very quick
A: fangs 1, strong nose, distributed training
a: Renounce Religion, Potion Petition, Call Merchant, Bribe Branch


You were on level 2 of the Lair of Beasts.
You worshipped Gozag.
Gozag was most pleased with you.
You visited 3 branches of the dungeon, and saw 13 of its levels.

You collected 2725 gold pieces.
You spent 218 gold pieces at shops.
You paid 1371 gold pieces to Gozag.

Inventory:

Hand Weapons
 e - a +0 short sword of flaming
 j - a +2 dagger of electrocution
 y - a +1 broad axe of flaming
 E - the +1 rapier "Sistugyu" {drain, *Slow rN++ Str+3 Int+3}
   (You found it on level 2 of the Dungeon)

   Str+3:     It affects your strength (+3).
   Int+3:     It affects your intelligence (+3).
   rN++:      It greatly protects you from negative energy.
   *Slow:     It may slow you when you take damage.
 K - a +4 scimitar of flaming (weapon)
Missiles
 l - 21 poisoned darts (quivered)
 T - 3 curare-tipped darts
Armour
 c - a +1 robe
 d - a +0 cloak (worn)
 k - the +4 ring mail of the Original Sin (worn) {Int+5}
   (You found it on level 4 of the Dungeon)

   Int+5:     It affects your intelligence (+5).
 t - a +1 leather armour of poison resistance
 B - a +2 robe of willpower
 G - +0 swamp dragon scales
 M - the +1 chain mail "Qoch" {rElec rC+ Str+3}
   (You found it on level 9 of the Dungeon)

   Str+3:     It affects your strength (+3).
   rC+:       It protects you from cold.
   rElec:     It insulates you from electricity.
 N - the +0 pair of gloves of the Hall of Blades (worn) {rPois Regen+ Str+3 Int+3}
   (You bought it in a shop on level 1 of the Lair of Beasts)

   Str+3:     It affects your strength (+3).
   Int+3:     It affects your intelligence (+3).
   rPois:     It protects you from poison Regen+: It increases your rate of
   health regeneration.
 P - a scarf of repulsion
Jewellery
 a - a +6 ring of dexterity (right hand)
 i - an amulet of guardian spirit (around neck)
 q - a +6 ring of strength
 v - a ring of protection from fire
 A - a +6 ring of strength
 H - a ring of wizardry (left hand)
 J - a ring of positive energy
 L - an amulet of magic regeneration
Talismans
 V - a dragon-blood talisman
Wands
 s - a wand of mindburst (20)
 C - a wand of flame (25)
 D - a wand of polymorph (13)
 O - a wand of paralysis (5)
 S - a wand of quicksilver (1)
Scrolls
 b - 2 scrolls of fog
 n - 2 scrolls of teleportation
 o - 3 scrolls of amnesia
 F - 2 scrolls of identify
 I - a scroll of immolation
 Q - a scroll of enchant armour
Potions
 f - 3 potions of curing
 g - 2 potions of heal wounds
 h - a potion of haste
 m - 3 potions of might
 p - 4 potions of brilliance
 r - 5 potions of lignification
 u - a potion of ambrosia
 w - 2 potions of berserk rage
 x - 2 potions of magic
 z - a potion of mutation
 R - a potion of enlightenment
 U - a potion of attraction {unknown}


   Skills:
 + Level 8.5 Fighting
 + Level 8.5 Short Blades
 + Level 8.5 Long Blades
 + Level 8.5 Axes
 + Level 8.5 Maces & Flails
 + Level 8.5 Polearms
 + Level 8.5 Staves
 + Level 8.5 Ranged Weapons
 + Level 8.5 Throwing
 + Level 8.5 Armour
 + Level 8.5 Dodging
 + Level 9.6 Stealth
 + Level 8.5 Shields
 + Level 8.5 Unarmed Combat
 + Level 11.1 Spellcasting
 + Level 7.1 Conjurations
 + Level 7.1 Hexes
 + Level 7.5 Summonings
 + Level 7.1 Necromancy
 + Level 10.1 Translocations
 + Level 7.1 Fire Magic
 + Level 7.1 Ice Magic
 + Level 7.1 Air Magic
 + Level 7.1 Earth Magic
 + Level 7.1 Alchemy
 + Level 9.3 Invocations
 + Level 8.5 Evocations
 + Level 7.8 Shapeshifting


You had 12 spell levels left.
You knew the following spells:

 Your Spells              Type           Power      Damage    Failure   Level
a - Summon Ice Beast      Ice/Summ       50%        N/A       1%          3
b - Sticky Flame          Fire/Alch      49%        2d9       1%          4
c - Vhi's Electric Charg  Tloc/Air       100%       N/A       1%          4
d - Arcjolt               Conj/Air       24%        1d34      4%          5
e - Plasma Beam           Fire/Air       24%        2x1d36    26%         6

Your spell library contained the following spells:

 Spells                   Type           Power      Damage    Failure   Level
 Apportation              Tloc           100%       N/A       1%          1
 Necrotise                Necr           100%       1d9       1%          1
 Sting                    Conj/Alch      100%       1d9       1%          1
 Summon Small Mammal      Summ           100%       N/A       1%          1
 Momentum Strike          Conj/Tloc      100%       3d10      1%          2
 Inner Flame              Hex/Fire       49%        N/A       1%          3
 Flame Wave               Conj/Fire      49%        2d12      1%          4


Dungeon Overview and Level Annotations

Branches:
Dungeon (10/15)            Temple (1/1) D:4            Lair (2/5) D:10
  Swamp: Lair:2-3    Shoals: Lair:2-3     Snake: Lair:2-3    Spider: Lair:2-3
    Orc: D:9-12

Altars:
Ashenzari
Cheibriados
Dithmenos
Elyvilon
Fedhas
Gozag
Hepliaklqana
Kikubaaqudgha
Makhleb
Nemelex Xobeh
Okawaru
Qazlal
Ru
Sif Muna
Trog
Uskayaw
Vehumet
Wu Jian
Xom
Yredelemnul
Zin
The Shining One

Shops:
Lair:1 [*

Portals:
Trove: D:10 (give +4 fire dragon scales)

Annotations:
D:1 2 transporters


Innate Abilities, Weirdness & Mutations

You have very sharp teeth.
Your uncanny sense of smell can sniff out nearby items.
Your experience applies equally to all skills.


Message History

Aim: a death yak (moderately wounded, 91% to hit)
The bolt of dispelling energy hits the death yak!!
The death yak is moderately wounded.
The bolt of dispelling energy hits the death yak!!
The death yak is heavily wounded.
The death yak is no longer distracted by gold.
The death yak gores your ice beast. The death yak closely misses you.
Your ice beast closely misses the death yak.
Unknown command.
Unknown command.
Unknown command.
Aiming: Quicksilver Bolt
Press: ? - help, Shift-Dir - straight line, f/p - death yak
Aim: a death yak (heavily wounded, 91% to hit)
The bolt of dispelling energy misses the death yak.
The bolt of dispelling energy hits the death yak!
The death yak is severely wounded.
The death yak gores your ice beast!!
Your ice beast dies!
Your ice beast disappears in a puff of smoke!
The death yak gores you!
* * * LOW HITPOINT WARNING * * *
Unknown command.
Unknown command.
Aiming: Quicksilver Bolt
Press: ? - help, Shift-Dir - straight line, f/p - death yak
Aim: a death yak (severely wounded, 91% to hit)
The bolt of dispelling energy hits the death yak!!
The death yak is heavily wounded.
The bolt of dispelling energy hits the death yak!
The death yak is almost dead.
The death yak gores you!
* * * LOW HITPOINT WARNING * * *
Unknown command.
Unknown command.
Unknown command.
Okay, then.
You feel yourself speed up. The death yak gores you!
You die...
Your body crumbles into a pile of gold.

....... ###
##..... .. ......
. ..$. ... #$###
#<§.# ### ##Y.§#
## ###.#
#@#.+###.#####....
##................
#.#.#.##..#..#...
#.#.#.#...#......
#.#.##..##..##...
##.#..............
#..#.....##..##.##
##.#.........#####
##.#..+.#..#.#


You could see a death yak.

Vanquished Creatures
  A catoblepas (Lair:2)
  5 two-headed ogres
  3 death yaks (Lair:2)
  Pikel (D:5)
  6 elephants (Lair:1)
  Joseph (D:10)
  3 cane toads (Lair:1)
  A rime drake (Lair:1)
  A komodo dragon (Lair:2)
  Psyche (D:9)
  Grinder (D:5)
  11 blink frogs (Lair:2)
  2 dream sheep (Lair:1)
  A shadow (D:10)
  2 wyverns
  13 yaks
  2 basilisks (Lair:1)
  Menkaure (D:4)
  A naga (Lair:2)
  4 steam dragons
  4 water moccasins
  Pargi (D:4)
  A black bear (Lair:2)
  2 ice beasts
  3 ogres
  16 wolves
  3 centaurs
  A phantom (D:7)
  A kobold brigand (D:8)
  7 bullfrogs
  2 gnoll sergeants
  7 scorpions
  15 wights
  11 killer bees
  6 howler monkeys
  A jelly (D:4)
  4 bombardier beetles
  2 hounds (D:5)
  An orc priest (D:4)
  Ijyb (D:3)
  4 iguanas
  4 orc wizards
  16 gnolls
  5 adders
  A shadow imp (D:8)
  A white imp (D:5)
  2 ufetubi (D:7)
  3 dart slugs
  12 orcs
  6 ball pythons
  8 endoplasms
  15 giant cockroaches
  10 goblins
  6 hobgoblins
  2 jackals (D:1)
  3 quokkas
  4 bats
  5 frilled lizards
  5 kobolds
  4 rats
266 creatures vanquished.

Vanquished Creatures (collateral kills)
  2 catoblepae
  A centaur warrior (D:8)
  A hydra (Lair:1)
  An ogre mage (D:10)
  A two-headed ogre (D:10)
  2 komodo dragons
  A troll (D:10)
  Prince Ribbit (D:5)
  3 blink frogs (Lair:2)
  4 yaks
  A steam dragon (D:7)
  A naga (D:9)
  A water moccasin (Lair:1)
  An acid dragon (D:10)
  An ice beast (D:5)
  2 ogres (D:10)
  A black bear (D:8)
  2 wolves
  A centaur (D:9)
  2 bullfrogs (Lair:1)
  A gnoll sergeant (D:7)
  A scorpion (D:5)
  A jelly (D:8)
  4 gnolls
  3 orcs
  4 kobolds (D:8)
44 creatures vanquished.

Vanquished Creatures (others)
  A yak (Lair:2)
  A sky beast (D:7)
2 creatures vanquished.

Grand Total: 312 creatures vanquished

Notes
Turn   | Place    | Note
-------+----------+-------------------------------------------
     0 | D:1      | hikkokomori the Gnoll Wanderer began the quest for the Orb.
     0 | D:1      | hikkokomori set off with the following items: a +0 club, a
                  | scroll of fog, a +0 robe, a +0 cloak; and the following
                  | spells available to memorise: Apportation, Momentum Strike,
                  | Summon Small Mammal, Summon Ice Beast, Vhi's Electric
                  | Charge.
     0 | D:1      | Reached XP level 1. HP: 13/13 MP: 8/8
     0 | D:1      | Upgraded the game from 0.32-a0-12-g7fc57aa741 to
                  | 0.32-a0-17-gb74e046682
   262 | D:1      | Reached XP level 2. HP: 6/19 MP: 10/10
   462 | D:1      | HP: 1/20 [goblin/+0 club (1)]
   471 | D:1      | HP: 1/20 [giant cockroach (2)]
   701 | D:1      | Reached XP level 3. HP: 25/25 MP: 11/11
  1199 | D:2      | You fall into a shaft and drop 1 floor!
  1220 | D:3      | Reached skill level 1 in Invocations
  1233 | D:3      | Reached skill level 1 in Fighting
  1233 | D:3      | Reached skill level 1 in Short Blades
  1233 | D:3      | Reached skill level 1 in Long Blades
  1233 | D:3      | Reached skill level 1 in Axes
  1233 | D:3      | Reached skill level 1 in Maces & Flails
  1233 | D:3      | Reached skill level 1 in Polearms
  1233 | D:3      | Reached skill level 1 in Staves
  1233 | D:3      | Reached skill level 1 in Ranged Weapons
  1233 | D:3      | Reached skill level 1 in Throwing
  1233 | D:3      | Reached skill level 1 in Armour
  1233 | D:3      | Reached skill level 1 in Dodging
  1233 | D:3      | Reached skill level 1 in Shields
  1233 | D:3      | Reached skill level 1 in Unarmed Combat
  1233 | D:3      | Reached skill level 1 in Evocations
  1310 | D:3      | Found a bloodstained altar of Trog.
  1380 | D:3      | Noticed Ijyb
  1394 | D:3      | Reached skill level 1 in Conjurations
  1394 | D:3      | Reached skill level 1 in Hexes
  1394 | D:3      | Reached skill level 1 in Necromancy
  1394 | D:3      | Reached skill level 1 in Fire Magic
  1394 | D:3      | Reached skill level 1 in Ice Magic
  1394 | D:3      | Reached skill level 1 in Air Magic
  1394 | D:3      | Reached skill level 1 in Earth Magic
  1394 | D:3      | Reached skill level 1 in Alchemy
  1394 | D:3      | Reached skill level 1 in Shapeshifting
  1394 | D:3      | Reached XP level 4. HP: 18/32 MP: 7/13
  1449 | D:3      | Killed Ijyb
  1450 | D:3      | Reached XP level 5. HP: 16/37 MP: 6/14
  2202 | D:2      | Identified the +1 rapier "Sistugyu" {drain, *Slow rN++
                  | Str+3 Int+3}
  3586 | D:4      | Reached XP level 6. HP: 29/44 MP: 13/16
  3699 | D:4      | Noticed Menkaure
  3715 | D:4      | Killed Menkaure
  3881 | D:4      | Found a sparkling altar of Nemelex Xobeh.
  3897 | D:4      | Reached XP level 7. HP: 14/51 MP: 4/18
  4091 | D:4      | Learned a level 3 spell: Summon Ice Beast
  4153 | D:4      | Found a staircase to the Ecumenical Temple.
  4300 | Temple   | Entered the Ecumenical Temple
  4314 | Temple   | Became a worshipper of Gozag Ym Sagoz the Greedy
  4366 | D:5      | Entered Level 5 of the Dungeon
  4507 | D:4      | Noticed Pargi
  4529 | D:4      | Killed Pargi
  4530 | D:4      | Reached skill level 5 in Stealth
  4683 | D:4      | Identified the +4 ring mail of the Original Sin {Int+5}
  5205 | D:5      | Reached XP level 8. HP: 58/58 MP: 19/19
  5344 | D:5      | Noticed Grinder
  5537 | D:5      | Found a sacrificial altar of Ru.
  5697 | D:5      | Killed Grinder
  5698 | D:5      | Reached skill level 8 in Spellcasting
  5954 | D:5      | Reached XP level 9. HP: 65/65 MP: 21/21
  6226 | D:5      | Noticed Pikel
  6249 | D:5      | Killed Pikel
  6389 | D:5      | Noticed Prince Ribbit
  6415 | D:5      | Killed Prince Ribbit
  6416 | D:5      | Reached skill level 5 in Invocations
  6890 | D:6      | Found a broken altar of Ashenzari.
  6975 | D:6      | Reached skill level 5 in Fighting
  6975 | D:6      | Reached skill level 5 in Short Blades
  6975 | D:6      | Reached skill level 5 in Long Blades
  6975 | D:6      | Reached skill level 5 in Axes
  6975 | D:6      | Reached skill level 5 in Maces & Flails
  6975 | D:6      | Reached skill level 5 in Polearms
  6975 | D:6      | Reached skill level 5 in Staves
  6975 | D:6      | Reached skill level 5 in Ranged Weapons
  6975 | D:6      | Reached skill level 5 in Throwing
  6975 | D:6      | Reached skill level 5 in Armour
  6975 | D:6      | Reached skill level 5 in Dodging
  6975 | D:6      | Reached skill level 5 in Shields
  6975 | D:6      | Reached skill level 5 in Unarmed Combat
  6975 | D:6      | Reached skill level 5 in Evocations
  6975 | D:6      | Reached XP level 10. HP: 28/74 MP: 4/22
  6986 | D:6      | Learned a level 4 spell: Sticky Flame
  6991 | D:6      | Learned a level 4 spell: Vhi's Electric Charge
  7191 | D:6      | Found a basalt altar of Yredelemnul.
  7192 | D:6      | Found a shadowy altar of Dithmenos.
  8163 | D:7      | Reached skill level 9 in Spellcasting
  8411 | D:7      | Reached skill level 5 in Summonings
  8609 | D:7      | Learned a level 5 spell: Arcjolt
  8624 | D:7      | Reached skill level 5 in Shapeshifting
  8755 | D:7      | Found a hide-covered altar of Uskayaw.
  9226 | D:8      | Found a shimmering blue altar of Sif Muna.
  9738 | D:8      | Noticed a centaur warrior
  9745 | D:8      | Noticed a two-headed ogre
  9758 | D:8      | Killed a two-headed ogre
  9913 | D:8      | Killed a centaur warrior
  9914 | D:8      | Reached skill level 5 in Conjurations
  9914 | D:8      | Reached skill level 5 in Hexes
  9914 | D:8      | Reached skill level 5 in Necromancy
  9914 | D:8      | Reached skill level 5 in Fire Magic
  9914 | D:8      | Reached skill level 5 in Ice Magic
  9914 | D:8      | Reached skill level 5 in Air Magic
  9914 | D:8      | Reached skill level 5 in Earth Magic
  9914 | D:8      | Reached skill level 5 in Alchemy
  9914 | D:8      | Reached XP level 11. HP: 42/81 MP: 9/24
 10091 | D:9      | Found a stormy altar of Qazlal.
 10393 | D:9      | Noticed Grum
 10655 | D:9      | Noticed Maggie
 10663 | D:9      | Maggie changed into Maggie the wyvern
 10663 | D:9      | Noticed Maggie
 10671 | D:9      | Killed Maggie the wyvern
 10763 | D:9      | Grum changed into Grum the naga
 10763 | D:9      | Noticed Grum
 10765 | D:9      | Killed Grum the naga
 10905 | D:9      | Identified the +1 chain mail "Qoch" {rElec rC+ Str+3}
 11214 | D:9      | Noticed a two-headed ogre
 11227 | D:9      | Killed a two-headed ogre
 11362 | D:9      | Noticed Psyche
 11370 | D:9      | Killed Psyche
 11614 | D:10     | Entered Level 10 of the Dungeon
 11617 | D:10     | Noticed a two-headed ogre
 11624 | D:10     | Killed a two-headed ogre
 11685 | D:10     | Found an ornate altar of the Wu Jian Council.
 12090 | D:10     | Found an iron altar of Okawaru.
 12322 | D:10     | Noticed a two-headed ogre
 12325 | D:10     | Noticed a two-headed ogre
 12327 | D:10     | Noticed a two-headed ogre
 12328 | D:10     | Killed a two-headed ogre
 12329 | D:10     | Reached skill level 10 in Spellcasting
 12334 | D:10     | Noticed an ogre mage
 12335 | D:10     | Killed a two-headed ogre
 12337 | D:10     | Killed a two-headed ogre
 12343 | D:10     | Killed an ogre mage
 12344 | D:10     | Reached XP level 12. HP: 60/91 MP: 14/26
 12536 | D:10     | Noticed Joseph
 12552 | D:10     | Killed Joseph
 12789 | D:10     | Found a staircase to the Lair.
 12940 | D:10     | Found a portal to a secret trove of treasure.
 13043 | Lair:1   | Entered Level 1 of the Lair of Beasts
 13113 | Lair:1   | Bought a pair of spiked gloves for 218 gold pieces
 13113 | Lair:1   | Identified the +0 pair of gloves of the Hall of Blades
                  | {rPois Regen+ Str+3 Int+3} (You bought it in a shop on
                  | level 1 of the Lair of Beasts)
 13216 | Lair:1   | Learned a level 6 spell: Plasma Beam
 13235 | Lair:1   | Identified the +1 helmet "Inot" {Dex+6}
 13297 | Lair:1   | Noticed a catoblepas
 13326 | Lair:1   | Killed a catoblepas
 13329 | Lair:1   | Noticed an eight-headed hydra
 13338 | Lair:1   | Killed a six-headed hydra
 14373 | Lair:2   | Noticed Sonja
 14375 | Lair:2   | Sonja changed into Sonja the naga
 14375 | Lair:2   | Noticed Sonja
 14384 | Lair:2   | Killed Sonja the naga
 14497 | Lair:2   | Noticed a catoblepas
 14503 | Lair:2   | Reached XP level 13. HP: 72/98 MP: 4/27
 14602 | Lair:2   | Reached skill level 10 in Translocations
 14662 | Lair:2   | Reached skill level 11 in Spellcasting
 15364 | Lair:2   | Slain by a death yak

Illustrated notes

Levels and vault maps discovered:
D:1:      spicycebolla_arrival_transporter_tutorial, layout_loops_ring,
          serial_forest, infiniplex_forest_straight_1,
          infiniplex_forest_straight_3, infiniplex_forest_straight_2,
          infiniplex_forest_lined_2, minmay_tetromino_l4
D:2:      minmay_roachtagon, layout_loops_cross, grunt_ministairs_13,
          chequers_big_river
D:3:      layout_basic, mainiacjoe_overflow_small_starburst,
          kennysheep_generic_room_3, uniq_ijyb
D:4:      layout_loops_corners, nemelex_diamond_rough_becter,
          minmay_temple_entry_drinking_statues, minmay_misc_feat_nine_boxes,
          uniq_pargi, uniq_menkaure
D:5:      minmay_diamond_boxcup, layout_basic,
          mainiacjoe_overflow_cross_hatched, uniq_pikel, uniq_grinder,
          uniq_prince_ribbit1
D:6:      layout_layer_cave, ashenzari_altar_1, grunt_temple_overflow_open
D:7:      layout_loops_cross, mainiacjoe_overflow_alcove_2
D:8:      minmay_chambers_of_fours, layout_basic, amcnicky_altar_gilded
D:9:      layout_cave_pools, nicolae_qazlal_scattered_showers, uniq_grum,
          uniq_maggie, uniq_psyche
D:10:     layout_rooms, okawaru_gym_becter, overflow_temple_1_default,
          trove_entry_hex_spiral, eino_tiny_chamber, minmay_door_square,
          uniq_joseph
Temple:   jpeg_temple_clearing
Lair:1:   layout_cellular_growth, hangedman_lair_generics_rect
Lair:2:   layout_roguey, uniq_sonja

Skill      XL: |  1  2  3  4  5  6  7  8  9 10 11 12 13 |
---------------+----------------------------------------+-----
Summonings     | 2 3 4 5 6 7 |  7.5
Invocations    | 1 2 3 4 5 6 7 8 9 |  9.3
Fighting       | 1 2 3 5 6 7 8 |  8.5
Short Blades   | 1 2 3 5 6 7 8 |  8.5
Long Blades    | 1 2 3 5 6 7 8 |  8.5
Axes           | 1 2 3 5 6 7 8 |  8.5
Maces & Flails | 1 2 3 5 6 7 8 |  8.5
Polearms       | 1 2 3 5 6 7 8 |  8.5
Staves         | 1 2 3 5 6 7 8 |  8.5
Ranged Weapons | 1 2 3 5 6 7 8 |  8.5
Throwing       | 1 2 3 5 6 7 8 |  8.5
Armour         | 1 2 3 5 6 7 8 |  8.5
Dodging        | 1 2 3 5 6 7 8 |  8.5
Shields        | 1 2 3 5 6 7 8 |  8.5
Unarmed Combat | 1 2 3 5 6 7 8 |  8.5
Evocations     | 1 2 3 5 6 7 8 |  8.5
Conjurations   | 1 2 3 4 5 6 7 |  7.1
Hexes          | 1 2 3 4 5 6 7 |  7.1
Necromancy     | 1 2 3 4 5 6 7 |  7.1
Fire Magic     | 1 2 3 4 5 6 7 |  7.1
Ice Magic      | 1 2 3 4 5 6 7 |  7.1
Air Magic      | 1 2 3 4 5 6 7 |  7.1
Earth Magic    | 1 2 3 4 5 6 7 |  7.1
Alchemy        | 1 2 3 4 5 6 7 |  7.1
Shapeshifting  | 1 2 3 4 5 6 7 |  7.8
Stealth        | 5 6 7 8 9 |  9.6
Spellcasting   | 8 9 10 11 | 11.1
Translocations | 8 9 10 | 10.1

Action                     |  1- 3 |  4- 6 |  7- 9 | 10-12 | 13-15 || total
---------------------------+-------+-------+-------+-------+-------++-------
  Melee: Short sword       |   173 |   115 |       |       |       ||   288
         Club              |     6 |       |       |       |       ||     6
         Bite              |     8 |    22 |    35 |    55 |     7 ||   127
         Punch             |     3 |     4 |     9 |    25 |     5 ||    46
         Dagger            |       |   127 |   294 |   100 |       ||   521
         Scimitar          |       |       |       |   342 |    82 ||   424
   Cast: Summon Ice Beast  |       |       |    10 |    42 |     6 ||    58
         Vhi's Electric Ch |       |       |       |     5 |       ||     5
         Arcjolt           |       |       |       |     8 |     3 ||    11
         Plasma Beam       |       |       |       |    10 |     5 ||    15
 Invoke: Call Merchant     |       |       |       |     2 |       ||     2
  Evoke: Wand              |       |       |     3 |    10 |     4 ||    17
    Use: Potion            |       |     7 |       |     1 |     1 ||     9
         Scroll            |       |     8 |     2 |    12 |     1 ||    23
   Stab: Sleeping          |     7 |     4 |     6 |     5 |     2 ||    24
         Distracted        |       |       |       |     4 |     1 ||     5
         Petrified         |       |       |       |       |     2 ||     2
 Armour: Robe              |   111 |   113 |       |       |       ||   224
         Leather armour    |       |    37 |    49 |       |       ||    86
         Ring mail         |       |       |   138 |   483 |    69 ||   690
         Skin              |       |       |       |     7 |       ||     7
  Dodge: Dodged            |    91 |   131 |   113 |   417 |    43 ||   795

Table legend: (Time is in decaauts)
 A = Elapsed time spent in this place.
 B = Non-inter-level travel time spent in this place.
 C = Inter-level travel time spent in this place.
 D = Time resting spent in this place.
 E = Time spent auto-exploring this place.
 F = Levels seen in this place.
 G = Mean time per level.
                   A        B        C        D        E       F      G
               +--------+--------+--------+--------+--------+-----+--------+
         Total |  15312 |  14479 |    833 |    617 |  10869 |  13 | 1177.8 |
       Dungeon |  12961 |  12167 |    794 |    540 |   9186 |  10 | 1296.1 |
        Temple |     28 |      1 |     27 |      0 |      0 |   1 |   28.0 |
          Lair |   2322 |   2311 |     11 |     77 |   1683 |   2 | 1161.0 |
               +--------+--------+--------+--------+--------+-----+--------+

Top non-repeatable levels by time:
     D:4: 1576 daAuts
     D:8: 1530 daAuts
    D:10: 1432 daAuts
     D:5: 1405 daAuts
     D:3: 1403 daAuts
     D:6: 1294 daAuts
  Lair:1: 1238 daAuts
     D:1: 1188 daAuts
     D:7: 1121 daAuts
  Lair:2: 1084 daAuts
     D:2: 1074 daAuts
     D:9: 933 daAuts
  Temple: 28 daAuts
